 Dungeon Crawl Stone Soup version 0.19.1 (webtiles) character file.

284 Patate the Cudgeler (level 6, -2/39 HPs)
             Began as a Gargoyle Fighter on Dec 9, 2016.
             Killed from afar by Blork the orc (7 damage)
             ... with a magic dart
             ... on level 4 of the Dungeon.
             The game lasted 00:06:33 (2786 turns).

Patate the Cudgeler (Gargoyle Fighter)              Turns: 2786, Time: 00:06:34

Health: -2/39      AC: 12    Str: 22    XL:     6   Next: 29%
Magic:  6/6        EV:  7    Int:  8    God:
Gold:   205        SH:  0    Dex:  9    Spells: 0 memorised, 5 levels left

rFire  . . .     SeeInvis .     a - +1 flail
rCold  . . .     Gourm    .     b - +0 scale mail
rNeg   + . .     Faith    .     c - +1 shield
rPois  ∞         Spirit   .     p - +0 helmet
rElec  +         Reflect  +     (no cloak)
rCorr  .         Harm     .     (no gloves)
MR     .....                    (no boots)
Stlth  ..........               r - +3 amulet of reflection
                                (no ring)
                                (no ring)

@: confused
A: negative energy resistance 1, electricity resistance, unbreathing,
petrification resistance, rot immunity, AC +4
a: no special abilities


You were on level 4 of the Dungeon.
You were not hungry.

You visited 1 branch of the dungeon, and saw 4 of its levels.

You collected 205 gold pieces.

Inventory:

Hand Weapons
 a - a +1 flail (weapon)
Armour
 b - a +0 scale mail (worn)
 c - a +1 shield (worn)
 p - a +0 helmet (worn)
Jewellery
 q - an uncursed amulet of guardian spirit
 r - a +3 amulet of reflection (around neck)
Scrolls
 j - a scroll of enchant armour
Potions
 e - 2 potions of curing {unknown}
 g - 3 potions of lignification
 h - a potion of berserk rage {unknown}
 k - a potion of mutation {unknown}
 l - 3 potions of heal wounds {unknown}
 n - 2 potions of might
 o - a potion of degeneration {unknown}
 s - 2 potions of haste {unknown}
Comestibles
 d - 2 chunks of flesh
 f - 4 bread rations


   Skills:
 + Level 4.5 Fighting
 * Level 4.8 Maces & Flails
 + Level 4.7 Armour
 - Level 3.2 Shields


You had 5 spell levels left.
You didn't know any spells.

Dungeon Overview and Level Annotations

Branches:
Dungeon (4/15)
 Temple: D:4-7

Altars:
Elyvilon

Annotations:
D:4 Blork the orc


Innate Abilities, Weirdness & Mutations

You are resistant to torment.
Your stone body is resilient. (AC +4)
You are immune to poison.
You resist negative energy. (rN+)
You are resistant to electric shocks. (rElec)
You can survive without breathing.
You are immune to petrification.
You are immune to rotting.


Message History

* * * LOW HITPOINT WARNING * * *
Something hits you.
* * * LOW HITPOINT WARNING * * *
Something hits you.
* * * LOW HITPOINT WARNING * * *
Found a fizzy red potion.
Something hits you but does no damage. Something hits you.
* * * LOW HITPOINT WARNING * * *
It was a potion of ambrosia.
You are confused.
You feel invigorated. Something hits you.
* * * LOW HITPOINT WARNING * * *
You bump into the rock wall.
Something hits you.
* * * LOW HITPOINT WARNING * * *
You are more confused.
You feel more invigorated.
A magic dart appears from out of thin air!
The magic dart hits you!
You die...

.. #. #.# .. ####
#.##### .....#.#...
.....#.†.#########.#.#.
...............@.......
.....#..##########!####
..................
###.#............. #
#.##..#######.
#.###.#######
#.#...........#
#........####.#
########.##


There were no monsters in sight!

Vanquished Creatures
  An ogre (D:3)
  Robin (D:3)
  7 adders
  3 gnolls (D:3)
  An ooze (D:2)
  2 worms (D:2)
  3 dart slugs
  5 orcs (D:3)
  3 giant cockroaches
  17 goblins
  10 hobgoblins
  5 jackals
  6 bats
  4 frilled lizards
  6 kobolds
  5 rats
79 creatures vanquished.

Notes
Turn   | Place    | Note
-------+----------+-------------------------------------------
     0 | D:1      | Patate the Gargoyle Fighter began the quest for the Orb.
     0 | D:1      | Reached XP level 1. HP: 14/14 MP: 1/1
   187 | D:1      | Reached XP level 2. HP: 19/19 MP: 2/2
   651 | D:2      | Reached XP level 3. HP: 23/23 MP: 3/3
   693 | D:2      | You fall through a shaft!
   693 | D:3      | Found a faded altar of an unknown god.
   701 | D:3      | Reached XP level 4. HP: 28/29 MP: 4/4
   756 | D:3      | Found a white marble altar of Elyvilon.
   933 | D:3      | Noticed an ogre
   967 | D:3      | Killed an ogre
   967 | D:3      | Reached XP level 5. HP: 7/34 MP: 5/5
  1798 | D:2      | Reached XP level 6. HP: 39/39 MP: 6/6
  2357 | D:3      | Noticed Robin
  2406 | D:3      | Killed Robin
  2756 | D:4      | Noticed Blork the orc
  2783 | D:4      | HP: 1/39 [something (3)]
  2786 | D:4      | Killed from afar by Blork the orc

Skill      XL: |  1  2  3  4 |
---------------+-------------+-----
Maces & Flails | 3 4 |  4.8
Fighting       | 4 |  4.5
Armour         | 4 |  4.7
Shields        | |  3.2

Action                   |  1- 3 |  4- 6 || total
-------------------------+-------+-------++-------
Melee: Flail             |    71 |   195 ||   266
  Use: Potion            |       |     3 ||     3
       Scroll            |       |     8 ||     8
  Eat: Chunk             |       |     6 ||     6
Armor: Scale mail        |    36 |   172 ||   208
Dodge: Dodged            |    24 |    76 ||   100
Block: Shield            |    46 |   140 ||   186
       Reflection        |       |     1 ||     1
